cohdb
Replays
Latest Replays
All Replays
Popular Replays
Top Player Replays
Match Explorer
How It Works
Community
CoH3 Stats
Reddit
Sign in to upload your games and track your stats! →
Sign in with Steam
Match 41764005
Unlisted
Match 41764005
Overview
Messages
Build Orders
End
Panzerpioneer Squad
Selects Armored Support Battlegroup
250 Light Carrier
Panzergrenadier Squad
Construct Light Support Kompanie
Combat Half-tracks
Selects Superior Fire Drills
Panzergrenadier Squad
Panzerjäger Squad
Construct Mechanized Kompanie
Selects Salvage Kits
8 Rad Armored Car
Panzerjäger Mechanized Group
Panzergrenadier Squad
Panzerpioneer Squad
Construct Panzerarmee Kommand
Panzergrenadier Squad
Selects Flammpanzer III Medium Tank
Veteran Squad Leaders
Selects Command Panzer IV F Medium Tank
incel_incinerat0r
Tenshi
DebaKLe
Barry Chuckle
0
0
Comments
sign in to comment!
No comments posted yet!